 Dungeon Crawl Stone Soup version 0.30.1-11-g7821555f0a (webtiles) character file.

Game seed: 4430723987800666603

1095 monsoonserge the Ruffian (level 8, -4/118 HPs)
             Began as a Troll Fighter on Nov 4, 2023.
             Was an Initiate of Wu Jian.
             Succumbed to an orc wizard's poison
             ... on level 5 of the Dungeon.
             The game lasted 00:07:47 (3258 turns).

monsoonserge the Ruffian (Troll Fighter)            Turns: 3258, Time: 00:07:47

Health: -4/118     AC: 24    Str: 25    XL:     8   Next: 10%
Magic:  7/7        EV:  1    Int:  6    God:    Wu Jian [......]
Gold:   212        SH: 13    Dex:  9    Spells: 7/7 levels left

rFire   . .          .
                       - Unarmed
rCold   . . .        b - +0 kite shield
rNeg    . . .        a - melded +0 robe
rPois   +            (helmet currently unavailable)
rElec   .            (cloak currently unavailable)
rCorr   .            (gloves unavailable)
SInv    .            (boots unavailable)
Will    .....        n - amulet of reflection
Stlth   +            s - +5 ring of evasion
HPRegen 1.19/turn    y - ring of wizardry
MPRegen 0.10/turn

%: reflection, wizardry (x1)
@: lethally poisoned (-4 -> -27), tree-form
A: stationary, stasis, torment immunity, boosted hp, large, unfitting armour,
(claws 3), regeneration 1, (shaggy fur 1), (tough skin 1)
a: Renounce Religion


You were on level 5 of the Dungeon.
You worshipped Wu Jian.
Wu Jian was noncommittal.
You were a tree.
You visited 2 branches of the dungeon, and saw 6 of its levels.

You collected 240 gold pieces.
You spent 28 gold pieces at shops.

Inventory:

Hand Weapons
 t - a +0 sling
Missiles
 l - 6 javelins
 q - 6 curare-tipped darts (quivered)
Armour
 a - a +0 robe (melded)
 b - a +0 kite shield (worn)
Jewellery
 n - an amulet of reflection (around neck)
 s - a +5 ring of evasion (left branch)
 y - a ring of wizardry (right branch)
Wands
 v - a wand of flame (20)
Scrolls
 d - 2 scrolls of fear {unknown}
 e - a scroll of enchant armour {unknown}
 i - 2 scrolls of enchant weapon {unknown}
 j - a scroll of identify {unknown}
 k - 2 scrolls of teleportation {unknown}
 o - a scroll of immolation {unknown}
 x - 2 scrolls of brand weapon {unknown}
 z - 2 scrolls of amnesia {unknown}
 C - a scroll of noise {unknown}
Potions
 c - a potion of might
 f - a potion of resistance {unknown}
 g - a potion of lignification
 h - 2 potions of attraction {unknown}
 m - 2 potions of mutation {unknown}
 p - 2 potions of heal wounds {unknown}
 r - a potion of brilliance {unknown}
 u - a potion of curing {unknown}
 w - 2 potions of invisibility {unknown}
 A - a potion of degeneration {unknown}
 B - a potion of magic {unknown}
 D - a potion of haste {unknown}


   Skills:
 + Level 4.5 Fighting
 - Level 3.0 Dodging
 + Level 5.0 Shields
 * Level 6.8 Unarmed Combat


You had 7 spell levels left.
You didn't know any spells.
Your spell library contained the following spells:

 Spells                   Type           Power      Damage    Failure   Level
 Cigotuvi's Dreadful Rot  Necr/Pois/Air  0%         N/A       50%         2
 Ensorcelled Hibernation  Hex/Ice        0%         N/A       50%         2
 Ignite Poison            Fire/Tmut/Pois 0%         N/A       71%         3
 Spider Form              Tmut/Pois      0%         N/A       71%         3
 Anguish                  Hex/Necr       0%         N/A       98%         4
 Freezing Cloud           Conj/Ice/Air   0%         6-21      100%        5


Dungeon Overview and Level Annotations

Branches:
Dungeon (5/15)             Temple (1/1) D:5

Altars:
Cheibriados
Dithmenos
Elyvilon
Fedhas
Kikubaaqudgha
Makhleb
Nemelex Xobeh
Okawaru
Qazlal
Ru
Sif Muna
Trog
Vehumet
Wu Jian
Zin
The Shining One

Shops:
D:3 (   D:4 (


Innate Abilities, Weirdness & Mutations

You are a tree.
Your roots penetrate the ground, keeping you stationary.
You cannot be teleported.
You are immune to unholy pain and torment.
Your maximum health is greatly increased.
Your equipment is partially melded.
You are too large for most types of armour.
((You have claws for hands.))
Your natural rate of healing is unusually fast.
((You are covered in fur. (AC +1)))
((You have tough skin. (AC +1)))


Message History

You feel very sick. You block the orc's attack.
You completely miss the orc.
You feel sick. The orc misses you. Something hits you.
You are more poisoned.
You barely miss something.
You feel very sick. You block the orc's attack.
Something hits you but does no damage.
You are more poisoned.
You closely miss something.
You feel very sick. The orc hits you but does no damage. Something hits you.
You are more poisoned.
You closely miss something.
You feel very sick. You block the orc's attack. Something hits you.
* * * LOW HITPOINT WARNING * * *
You closely miss something.
* * * LOW HITPOINT WARNING * * *
You feel very sick. The orc closely misses you. Something hits you.
* * * LOW HITPOINT WARNING * * *
You are lethally poisoned!
Unknown command.
You barely miss something.
* * * LOW HITPOINT WARNING * * *
You feel extremely sick. You block the orc's attack. Something hits you.
* * * LOW HITPOINT WARNING * * *
You are more poisoned.
Unknown command.
It was a potion of lignification.
You turn into a tree.
Your +0 robe melds into your body.
Your roots penetrate the ground.
* * * LOW HITPOINT WARNING * * *
You feel extremely sick. The orc hits you but does no damage.
Something hits you but does no damage.
You are more poisoned.
You cannot move.
You barely miss the orc.
You die...

...##.#.#.#.#.#
...##..#.⌠.#..# ##..
...##.#.#.#.#.######...#
#..###.⌠.#.⌠.###........
#..# ##.....## #.......
#..#####'''#####.....#
#..........#.#.......#
#........###.#.......#
#........# #....♣.)..#
#........# ###.{o.>###
#........# #.>####
#....#########...PP
.....# #.......PP...#
.....# #.#..#.PP_PP.#
.....# #.#.#..PPP.P ..
.....# #.#.....PPPP #
.....# #.#.##.....


You could see an orc.

Vanquished Creatures
  A wyvern (D:5)
  An ice beast (D:5)
  A black bear (D:4)
  A centaur (D:5)
  Blork the orc (D:4)
  2 bullfrogs (D:4)
  2 vampire bats (D:5)
  A howler monkey (D:4)
  A jelly (D:5)
  An orc priest (D:3)
  An iguana (D:4)
  Natasha (twice) (D:4)
  A sleepcap (D:4)
  4 gnolls
  8 adders
  A white imp (D:5)
  An ufetubus (D:4)
  2 worms
  3 dart slugs
  7 orcs
  2 bat skeletons (D:5)
  2 bat zombies (D:5)
  6 endoplasms
  4 giant cockroaches
  8 hobgoblins
  2 jackals (D:3)
  7 kobolds
  2 quokkas (D:2)
  3 ball pythons
  11 bats
  4 frilled lizards
  5 goblins
  8 rats
106 creatures vanquished.

Notes
Turn   | Place    | Note
-------+----------+-------------------------------------------
     0 | D:1      | monsoonserge the Troll Fighter began the quest for the Orb.
     0 | D:1      | Reached XP level 1. HP: 22/22 MP: 0/0
   120 | D:1      | Reached XP level 2. HP: 24/29 MP: 1/1
   721 | D:2      | Reached XP level 3. HP: 33/36 MP: 2/2
   806 | D:2      | Reached skill level 3 in Unarmed Combat
  1170 | D:2      | Reached XP level 4. HP: 44/44 MP: 3/3
  1372 | D:3      | Found a faded altar of an unknown god.
  1605 | D:3      | Reached XP level 5. HP: 53/53 MP: 4/4
  1614 | D:3      | Found a sacrificial altar of Ru.
  1946 | D:3      | Found Cekav's Weapon Emporium.
  2147 | D:4      | Reached skill level 4 in Unarmed Combat
  2176 | D:4      | Noticed Natasha
  2189 | D:4      | Killed Natasha
  2217 | D:4      | Noticed a black bear
  2225 | D:4      | Killed a black bear
  2226 | D:4      | Reached XP level 6. HP: 57/61 MP: 5/5
  2342 | D:4      | Noticed Blork the orc
  2350 | D:4      | Killed Blork the orc
  2360 | D:4      | Reached skill level 5 in Unarmed Combat
  2478 | D:4      | Reached XP level 7. HP: 63/68 MP: 6/6
  2570 | D:4      | Found Mutyemy's Weapon Shop.
  2575 | D:4      | Bought 2 curare-tipped darts for 28 gold pieces
  2730 | D:4      | Noticed Natasha
  2733 | D:4      | Killed Natasha
  2755 | D:5      | Entered Level 5 of the Dungeon
  2801 | D:5      | Noticed a wyvern
  2812 | D:5      | Killed a wyvern
  2813 | D:5      | Reached skill level 6 in Unarmed Combat
  2933 | D:5      | Found a staircase to the Ecumenical Temple.
  2939 | D:5      | Reached XP level 8. HP: 79/79 MP: 7/7
  2942 | Temple   | Entered the Ecumenical Temple
  3012 | Temple   | Became a worshipper of the Wu Jian Council
  3130 | D:5      | Found an ancient bone altar of Kikubaaqudgha.
  3133 | D:5      | Reached skill level 5 in Shields
  3190 | D:5      | Found a glowing silver altar of Zin.
  3234 | D:5      | Found a blossoming altar of Fedhas.
  3257 | D:5      | HP: 2/118 [poisoned by an orc wizard]
  3258 | D:5      | Succumbed to an orc wizard's poison

Illustrated notes

Levels and vault maps discovered:
D:1:      wander_arrival_lonely_grave, layout_loops_cross
D:2:      layout_loops_ring, minmay_diced_spiral
D:3:      layout_loops_ring, mainiacjoe_overflow_concentric_impassable,
          serial_shops, shop, shapermc_ecumenical_altar_starsandcircs
D:4:      minmay_chambers_of_fours, layout_rooms, serial_shops,
          nicolae_shop_hallway_stairs, kennysheep_generic_room_5,
          uniq_blork_the_orc, uniq_natasha
D:5:      dreamdust_elfheim, layout_basic, fedhas_bush_and_centaur_altar,
          mainiacjoe_overflow_alcove_2, kennysheep_vampire_church, temple_green
Temple:   nicolae_temple_hex_pool

Skill      XL: |  1  2  3  4  5  6  7  8 |
---------------+-------------------------+-----
Shields        | 3 4 5 |  5.0
Unarmed Combat | 3 4 5 6 |  6.8
Fighting       | 3 4 |  4.5
Dodging        | 3 |  3.0

Action                     |  1- 3 |  4- 6 |  7- 9 || total
---------------------------+-------+-------+-------++-------
  Melee: Unarmed           |    95 |   162 |    57 ||   314
  Throw: Dart              |       |     2 |       ||     2
Ability: Lunge             |       |       |     2 ||     2
    Use: Potion            |       |       |     1 ||     1
   Stab: Sleeping          |     2 |     1 |       ||     3
 Armour: Robe              |    23 |    29 |    10 ||    62
         Skin              |       |       |     2 ||     2
  Dodge: Dodged            |    24 |   107 |    25 ||   156
  Block: Kite shield       |    52 |   119 |    41 ||   212
         Reflection        |       |     3 |     3 ||     6
